AoeStats
← PecoraInPannaCotta

Arabia

510713629Analyzed
1v1 RM · 14h ago on Oct 2, 2026· 62m 54s· 2 players
Game mode
Random Map
Map size
Tiny (2 player)
Population
200
Speed
Normal
Resources
Standard
Victory
Conquest
Starting age
Dark Age
Ending age
Imperial Age
RankedLock teamsTeams togetherTeam positionsShared explorationLock speedFull tech treeHidden civsTurbo modeCheats
Victory
Defeat
🇮🇹 Ethiopians · Italy
1117
+16
🇩🇪 Britons · Germany
1122
-16
PecoraInPannaCotta
1:25 Loom
9:11 Feudal Age
9:27 Man-at-Arms
9:57 Double-Bit Axe
9:55 Horse Collar
11:38 Loom
15:38 Fletching
18:04 Wheelbarrow
20:52 Castle Age
19:31 Gold Mining
21:29 Bodkin Arrow
20:56 Crossbowman
21:41 Thumb Ring
21:38 Padded Archer Armor
22:31 Heavy Plow
24:36 Hand Cart
24:44 Bow Saw
29:28 Town Watch
29:48 Stone Mining
30:35 Gold Shaft Mining
30:34 Ballistics
32:11 Leather Archer Armor
36:39 Imperial Age
36:40 Elite Skirmisher
37:56 Ring Archer Armor
37:26 Bracer
37:59 Ring Archer Armor
38:32 Chemistry
37:39 Siege Engineers
38:39 Stone Shaft Mining
39:47 Conscription
41:26 Two-Man Saw
43:03 Masonry
45:34 Architecture
47:02 Town Patrol
49:13 Scale Mail Armor
49:23 Forging
48:55 Halberdier
49:21 Arson
49:36 Squires
50:58 Chain Mail Armor
51:19 Iron Casting
Horst Seehofer
0:26 Loom
9:16 Feudal Age
9:40 Horse Collar
9:52 Double-Bit Axe
14:50 Gold Mining
17:22 Fletching
19:13 Padded Archer Armor
20:13 Forging
25:07 Castle Age
25:10 Crossbowman
25:47 Bodkin Arrow
26:21 Heavy Plow
26:51 Bow Saw
27:39 Gold Shaft Mining
27:05 Stone Mining
28:11 Wheelbarrow
29:19 Ballistics
29:49 Leather Archer Armor
29:52 Hand Cart
32:34 Squires
35:28 Imperial Age
34:35 Iron Casting
34:42 Arson
35:38 Scale Barding Armor
36:12 Bracer
37:37 Blast Furnace
36:19 Arbalester
38:46 Conscription
40:20 Chemistry
39:59 Yeomen
40:29 Ring Archer Armor
41:29 Chain Barding Armor
42:13 Blast Furnace
41:02 Light Cavalry
41:44 Husbandry
42:21 Chain Barding Armor
47:12 Plate Barding Armor
51:00 Two-Man Saw
52:07 Heavy Scorpion
Connection lost

Rejoining the realm…

Still unreachable

The connection could not be restored.

Session expired

The server has moved on; the page needs a fresh start.